2218 views
Uploaded 2023-10-12 09:12:53
Game version 1.36 (6115)
4:35 long 1on1 ladder game on (2)ConcealedHill_S2
Saved by Sonnenschein
2218 views
Uploaded 2023-10-12 09:12:53
Game version 1.36 (6115)
4:35 long 1on1 ladder game on (2)ConcealedHill_S2

/ 0k
15 buildings @ 2.5k
/ 0.9k

| Wisp | 13 | 780 | / | 0 |
| Huntress | 1 | 195 | / | 20 |
| total: | 14 | 975g | / | 20w |
| Ancient Protector | 5 | 675 | / | 400 |
| Moon Well | 7 | 1260 | / | 280 |
| Altar of Elders | 1 | 180 | / | 50 |
| Ancient of War | 1 | 150 | / | 60 |
| Hunter's Hall | 1 | 210 | / | 100 |
| total: | 15 | 2475g | / | 890w |
| 0:01 | Wisp |
| 0:07 | Wisp |
| 0:14 | Wisp |
| 0:17 | Moon Well |
| 0:32 | Wisp |
| 0:43 | Wisp |
| 0:57 | Wisp |
| 0:58 | Altar of Elders |
| 1:15 | Wisp |
| 1:35 | Ancient of War |
| 1:38 | Hunter's Hall |
| 1:40 | Wisp |
| 1:42 | Wisp |
| 1:52 | Wisp |
| 2:06 | Wisp |
| 2:18 | Moon Well |
| 2:21 | Summon Lava Spawn |
| 2:22 | Wisp |
| 2:33 | Moon Well |
| 2:54 | Ancient Protector |
| 3:01 | Moon Well |
| 3:05 | Wisp |
| 3:09 | Moon Well |
| 3:19 | Moon Well |
| 3:27 | Ancient Protector |
| 3:33 | Moon Well |
| 3:42 | Ancient Protector |
| 4:16 | Ancient Protector |
| 4:18 | Ancient Protector |
| 4:26 | Huntress |
| Right click | 255 |
| Select group | 111 |
| Select | 99 |
| Misc. action | 55 |
| Build/train/purchase | 26 |
| Assign group | 11 |
| Chat | 7 |
| Esc | 6 |
| Use ability | 3 |
/ 0k
7 buildings @ 1.2k
/ 0.3k

| Acolyte | 3 | 225 | / | 0 |
| Ghoul | 8 | 960 | / | 0 |
| total: | 11 | 1185g | / | 0w |
| Spirit Tower | 1 | 145 | / | 40 |
| Nerubian Tower | 1 | 100 | / | 20 |
| Crypt | 1 | 200 | / | 50 |
| Graveyard | 1 | 215 | / | 0 |
| Ziggurat | 3 | 450 | / | 150 |
| Altar of Darkness | 1 | 180 | / | 50 |
| Tomb of Relics | 1 | 130 | / | 30 |
| Halls of the Dead | 1 | 320 | / | 210 |
| total: | 7 | 1175g | / | 280w |
| 0:00 | Acolyte |
| 0:07 | Crypt |
| 0:16 | Acolyte |
| 0:18 | Graveyard |
| 0:36 | Ziggurat |
| 0:48 | Acolyte |
| 1:05 | Altar of Darkness |
| 1:12 | Ghoul |
| 1:24 | Ghoul |
| 1:41 | Ziggurat |
| 2:23 | Black Arrow |
| 2:27 | Halls of the Dead |
| 2:43 | Spirit Tower |
| 2:45 | Nerubian Tower |
| 2:54 | Ghoul |
| 3:20 | Ghoul |
| 3:20 | Ghoul |
| 3:48 | Tomb of Relics |
| 4:01 | Ghoul |
| 4:12 | Ghoul |
| 4:14 | Ziggurat |
| 4:23 | Ghoul |
| Right click | 366 |
| Select | 113 |
| Select group | 34 |
| Build/train/purchase | 18 |
| Assign group | 8 |
| Chat | 4 |
| Misc. action | 1 |